AoeStats
← Swaahy

MegaRandom

509482116Analyzed
4v4 RM · 6d ago on Sep 26, 2026· 62m 48s· 8 players
Game mode
Random Map
Map size
Large (8 player)
Population
200
Speed
Normal
Resources
Standard
Victory
Conquest
Starting age
Dark Age
Ending age
Imperial Age
RankedLock teamsTeams togetherTeam positionsShared explorationLock speedFull tech treeHidden civsTurbo modeCheats
Victory
Defeat
🇨🇴 Ethiopians · Colombia
792
+16
🇪🇸 Vietnamese · Spain
788
+16
🇪🇸 Ethiopians · Spain
784
+16
🇵🇪 Romans · Peru
778
+17
🇪🇸 Malians · Spain
827
-17
🇵🇱 Spanish · Poland
809
-17
🇪🇸 Sicilians · Spain
783
-16
🇺🇸 Mongols · United States
758
-15
GEDIAN
0:38 Loom
12:01 Feudal Age
12:27 Horse Collar
19:27 Castle Age
20:51 Heavy Plow
20:14 Pikeman
21:02 Scale Mail Armor
26:17 Wheelbarrow
26:37 Double-Bit Axe
27:42 Hand Cart
27:42 Bow Saw
27:43 Man-at-Arms
30:18 Squires
31:07 Fortified Wall
33:50 Imperial Age
31:51 Scale Barding Armor
34:35 Long Swordsman
35:38 Conscription
35:18 Elite Centurion
35:26 Heavy Scorpion
37:20 Chemistry
36:30 Ballistas
39:19 Gold Mining
40:50 Ballistics
39:53 Halberdier
41:46 Murder Holes
42:09 Chain Mail Armor
41:17 Legionary
42:34 Gold Shaft Mining
42:41 Fletching
43:23 Crop Rotation
44:42 Comitatenses
44:24 Capped Ram
45:41 Stone Mining
45:48 Bodkin Arrow
46:55 Forging
50:03 Iron Casting
55:06 Blast Furnace
54:07 Siege Ram
56:32 Caravan
61:41 Block Printing
61:52 Illumination
61:27 Devotion
JÄGGERMEISTER |
1:51 Loom
13:10 Feudal Age
15:19 Padded Archer Armor
15:10 Fletching
16:22 Gold Mining
16:22 Double-Bit Axe
22:20 Castle Age
22:34 Crossbowman
23:21 Thumb Ring
24:12 Leather Archer Armor
23:53 Bodkin Arrow
25:02 Bow Saw
26:02 Gold Shaft Mining
25:59 Horse Collar
27:46 Heavy Plow
28:58 Wheelbarrow
30:14 Hand Cart
30:28 Ballistics
33:41 Town Watch
37:13 Imperial Age
34:53 Town Patrol
35:00 Stone Mining
39:01 Chemistry
37:26 Arbalester
37:47 Capped Ram
50:57 Ring Archer Armor
50:28 Bracer
52:31 Elite Skirmisher
PeiKahn
8:32 Loom
10:57 Feudal Age
11:29 Double-Bit Axe
19:12 Castle Age
18:17 Horse Collar
18:30 Gold Mining
19:28 Fletching
20:34 Bow Saw
21:08 Gold Shaft Mining
21:50 Bodkin Arrow
23:29 Heavy Plow
25:01 Wheelbarrow
25:13 Stone Mining
26:38 Stone Shaft Mining
27:27 Hand Cart
29:08 Thumb Ring
30:46 Squires
34:54 Imperial Age
32:55 Ballistics
33:39 Padded Archer Armor
33:47 Scale Barding Armor
33:06 Crossbowman
34:58 Husbandry
36:46 Two-Man Saw
35:45 Town Watch
38:27 Chemistry
37:32 Bracer
37:54 Chain Barding Armor
39:09 Conscription
40:41 Heavy Cavalry Archer
40:44 Heavy Camel Rider
41:08 Arbalester
45:28 Elite Skirmisher
47:07 Forging
47:14 Leather Archer Armor
46:34 Imperial Skirmisher
47:45 Caravan
51:31 Halberdier
52:54 Iron Casting
52:51 Ring Archer Armor
laxss
13:06 Feudal Age
13:46 Double-Bit Axe
13:43 Horse Collar
16:03 Gold Mining
16:03 Stone Mining
18:16 Fletching
18:27 Padded Archer Armor
18:38 Forging
18:33 Scale Mail Armor
18:38 Scale Barding Armor
19:41 Arson
23:17 Castle Age
24:23 Bodkin Arrow
23:52 Crossbowman
24:39 Thumb Ring
26:16 Bow Saw
26:08 Heavy Plow
26:25 Leather Archer Armor
25:38 Elite Skirmisher
28:37 Wheelbarrow
27:48 Town Watch
27:49 Loom
28:46 Squires
29:30 Iron Casting
29:47 Bloodlines
31:41 Chain Barding Armor
31:43 Caravan
33:09 Hand Cart
35:18 Chatras
38:25 Imperial Age
38:05 Chain Mail Armor
38:53 Town Patrol
38:57 Husbandry
39:00 Chatras
38:31 Arbalester
39:16 Bracer
39:47 Ring Archer Armor
39:48 Ballistics
42:43 Chemistry
41:50 Siege Engineers
41:27 Imperial Skirmisher
43:22 Paper Money
47:35 Elite Battle Elephant
51:37 Plate Mail Armor
51:42 Plate Barding Armor
juan22-90
14:59 Feudal Age
18:07 Horse Collar
21:53 Castle Age
20:20 Stone Mining
20:22 Gold Mining
20:40 Double-Bit Axe
22:57 Forging
22:48 Scale Mail Armor
22:39 Fletching
28:42 Iron Casting
28:23 Chain Mail Armor
28:05 Bodkin Arrow
30:08 Stone Shaft Mining
30:09 Gold Shaft Mining
30:22 Bow Saw
30:20 Heavy Plow
30:34 Scale Barding Armor
33:29 Wheelbarrow
38:55 Imperial Age
36:44 Hand Cart
37:58 Chain Barding Armor
39:20 First Crusade
40:11 Ballistics
39:47 Murder Holes
40:54 Chemistry
41:42 Crop Rotation
41:55 Plate Mail Armor
42:26 Blast Furnace
42:03 Plate Barding Armor
42:40 Elite Serjeant
43:29 Hauberk
43:38 Husbandry
43:50 Bloodlines
44:05 Squires
43:51 Gambesons
43:53 Arson
44:42 Cavalier
Swaahy
11:36 Feudal Age
12:53 Wheelbarrow
13:31 Double-Bit Axe
13:31 Horse Collar
14:31 Gold Mining
17:23 Stone Mining
22:13 Castle Age
23:46 Bloodlines
23:39 Husbandry
23:06 Light Cavalry
24:13 Hand Cart
24:29 Heavy Plow
24:44 Scale Barding Armor
24:51 Forging
24:39 Fletching
25:48 Chain Barding Armor
26:08 Bow Saw
27:35 Gold Shaft Mining
27:53 Stone Shaft Mining
32:35 Iron Casting
31:56 Bodkin Arrow
35:40 Siphons
36:01 Ballistics
35:50 Padded Archer Armor
39:48 Imperial Age
40:25 Elite Mangudai
41:51 Hussar
49:43 Chemistry
49:01 Leather Archer Armor
50:14 Bracer
51:18 Blast Furnace
53:26 Conscription
jesusmorata89
0:44 Loom
11:48 Feudal Age
17:02 Castle Age
14:57 Horse Collar
15:05 Double-Bit Axe
15:19 Stone Mining
15:36 Gold Mining
17:39 Town Watch
18:21 Fletching
19:27 Bodkin Arrow
20:43 Forging
21:47 Wheelbarrow
21:17 Scale Mail Armor
21:37 Bow Saw
24:15 Chain Mail Armor
24:37 Iron Casting
25:41 Tigui
27:20 Treadmill Crane
28:03 Ballistics
28:33 Stone Shaft Mining
28:42 Gold Shaft Mining
31:03 Murder Holes
32:37 Hand Cart
32:57 Squires
32:44 Arson
33:21 Scale Barding Armor
37:26 Imperial Age
35:55 Chain Barding Armor
34:58 Light Cavalry
35:49 Bloodlines
36:15 Town Patrol
36:26 Husbandry
37:13 Masonry
38:10 Elite Gbeto
39:33 Plate Mail Armor
40:30 Plate Barding Armor
40:15 Heavy Plow
41:15 Farimba
43:20 Chemistry
44:00 Conscription
50:39 Conscription
Angelique
0:59 Loom
11:07 Feudal Age
13:03 Horse Collar
15:54 Double-Bit Axe
16:01 Gold Mining
16:01 Stone Mining
20:02 Castle Age
21:15 Heavy Plow
24:48 Bow Saw
30:35 Imperial Age
29:46 Wheelbarrow
30:37 Pikeman
31:56 Conscription
33:42 Hand Cart
34:37 Chemistry
34:16 Padded Archer Armor
35:30 Leather Archer Armor
35:47 Ballistics
40:10 Ring Archer Armor
39:51 Forging
39:46 Scale Barding Armor
39:55 Cavalier
40:47 Bloodlines
40:37 Husbandry
42:36 Iron Casting
41:25 Paladin
41:28 Light Cavalry
43:42 Chain Barding Armor
42:52 Hussar
45:46 Blast Furnace
45:22 Plate Barding Armor
49:39 Fletching
Connection lost

Rejoining the realm…

Still unreachable

The connection could not be restored.

Session expired

The server has moved on; the page needs a fresh start.